[ AOE2 MATCH · #480167505 ]
UnrankedItalians vs Spanish
[ REPLAY ANALYSIS · EXTRACTED FROM THE RECORDED GAME ]
Feudal
14:21
Castle
17:51
Imperial
34:58
| APM avg | 55.7 |
| APM peak | 120 |
| eAPM avg | 25.2 |
| Villagers / military | 152 / 223 |
Focus
⚔️ 32.3% · 🌾 67.7%
Genitour ×94 · Unknown (882) ×68 · Genoese Crossbowman ×67 · Hand Cannoneer ×26 · Scout Cavalry ×20 · Trebuchet (Packed) ×10
Feudal
16:49
Castle
20:38
Imperial
48:08
| APM avg | 46.1 |
| APM peak | 92 |
| eAPM avg | 27.6 |
| Villagers / military | 226 / 134 |
Focus
⚔️ 15.3% · 🌾 84.7%
Knight ×92 · Conquistador ×35 · Mangonel ×4 · Spearman ×2 · Scout Cavalry ×1
Feudal
12:38
Castle
22:28
Imperial
42:28
| APM avg | 39.4 |
| APM peak | 61 |
| eAPM avg | 23.7 |
| Villagers / military | 151 / 79 |
Focus
⚔️ 24.6% · 🌾 75.4%
Camel Scout ×34 · Scout Cavalry ×24 · Scorpion ×9 · Mangonel ×3 · Trebuchet (Packed) ×3 · Monk ×2
Feudal
11:36
Castle
22:23
Imperial
38:00
| APM avg | 45.6 |
| APM peak | 83 |
| eAPM avg | 29.1 |
| Villagers / military | 175 / 369 |
Focus
⚔️ 46.9% · 🌾 53.1%
Ghulam ×205 · Camel Scout ×85 · Scout Cavalry ×61 · Trebuchet (Packed) ×14 · Spearman ×4
Feudal
13:53
Castle
17:31
Imperial
42:04
| APM avg | 43.7 |
| APM peak | 100 |
| eAPM avg | 23.8 |
| Villagers / military | 273 / 189 |
Focus
⚔️ 38.9% · 🌾 61.1%
Cavalry Archer ×180 · Trebuchet (Packed) ×8 · Spearman ×1
Feudal
12:59
Castle
22:24
Imperial
47:26
| APM avg | 40.2 |
| APM peak | 77 |
| eAPM avg | 24.5 |
| Villagers / military | 173 / 102 |
Focus
⚔️ 36.0% · 🌾 64.0%
Spearman ×81 · Unknown (882) ×32 · Militia ×15 · Unknown (1942) ×9 · Mangonel ×4 · Monk ×2
Feudal
14:30
Castle
31:02
Imperial
54:46
| APM avg | 24.5 |
| APM peak | 51 |
| eAPM avg | 13.7 |
| Villagers / military | 147 / 123 |
Focus
⚔️ 32.2% · 🌾 67.8%
Militia ×56 · Knight ×43 · Teutonic Knight ×8 · Scout Cavalry ×6 · Battering Ram ×5 · Mangonel ×2
Feudal
12:31
Castle
16:31
Imperial
35:13
| APM avg | 33.4 |
| APM peak | 70 |
| eAPM avg | 17.3 |
| Villagers / military | 151 / 252 |
Focus
⚔️ 43.6% · 🌾 56.4%
Camel Archer ×137 · Scout Cavalry ×106 · Trebuchet (Packed) ×9
Match map
Initial resources + every placement click. Lines = walls · curves = elevation contours. ◆ gold · ⬟ stone · ● berries · ✦ relic · ◌ wall gap
Your base· Open — 6t gap
男高抗压位's base· Open — unwalled flank
三十分钟后没有我's base· Open — 6t gap
FEIYUNQI11's base· Open — unwalled flank
Nineshine's base· Open — unwalled flank
男高杀手's base· Open — unwalled flank
韩信吃炒面's base· Open — unwalled flank
只会种田's base· Open — 2t gap
Smoothed initial terrain · ◌ = detected wall gap · hover for details
Inputs per minute
— 前三十分钟没有我 - - 男高抗压位
Build order — 前三十分钟没有我
First 150 of 504 actions detected
| 0:17 | Build | Town Center |
| 1:35 | Build | House |
| 2:10 | Build | House |
| 2:42 | Create | Villager (Male) |
| 2:42 | Create | Villager (Male) |
| 2:44 | Create | Villager (Male) |
| 2:44 | Create | Villager (Male) |
| 2:49 | Build | House |
| 4:12 | Build | House |
| 4:28 | Build | Lumber Camp |
| 4:31 | Research | Loom |
| 4:32 | Create | Villager (Male) |
| 4:32 | Create | Villager (Male) |
| 4:33 | Create | Villager (Male) |
| 4:51 | Research | Loom |
| 4:51 | Create | Villager (Male) |
| 4:52 | Create | Villager (Male) |
| 4:52 | Create | Villager (Male) |
| 5:14 | Build | House |
| 5:30 | Build | House |
| 5:37 | Build | House |
| 6:21 | Create | Villager (Male) |
| 6:21 | Create | Villager (Male) |
| 6:21 | Create | Villager (Male) |
| 6:22 | Create | Villager (Male) |
| 6:24 | Create | Villager (Male) |
| 6:25 | Create | Villager (Male) |
| 7:14 | Create | Villager (Male) |
| 7:15 | Create | Villager (Male) |
| 7:15 | Create | Villager (Male) |
| 7:15 | Create | Villager (Male) |
| 7:41 | Build | House |
| 7:46 | Build | Mill |
| 8:04 | Create | Villager (Male) |
| 8:18 | Create | Villager (Male) |
| 8:58 | Create | Villager (Male) |
| 9:55 | Build | Mill |
| 10:08 | Create | Villager (Male) |
| 10:11 | Build | House |
| 10:26 | Create | Villager (Male) |
| 10:35 | Create | Villager (Male) |
| 10:52 | Build | Palisade Wall |
| 10:58 | Create | Villager (Male) |
| 11:25 | Build | Mining Camp |
| 11:37 | Build | Palisade Wall |
| 11:45 | Create | Villager (Male) |
| 11:45 | Research | Feudal Age |
| 12:15 | Build | House |
| 12:50 | Create | Villager (Male) |
| 12:50 | Create | Villager (Male) |
| 14:21 | Age | Feudal Age |
| 14:23 | Build | Market |
| 14:27 | Build | Blacksmith |
| 14:29 | Create | Villager (Male) |
| 14:38 | Build | House |
| 14:58 | Build | House |
| 14:59 | Build | House |
| 15:11 | Research | Castle Age |
| 15:11 | Research | Castle Age |
| 15:26 | Research | Double-Bit Axe |
| 15:27 | Research | Double-Bit Axe |
| 15:55 | Research | Gold Mining |
| 15:55 | Research | Stone Mining |
| 16:50 | Create | Villager (Male) |
| 16:50 | Create | Villager (Male) |
| 17:28 | Build | House |
| 17:30 | Build | House |
| 17:32 | Build | Palisade Wall |
| 17:51 | Age | Castle Age |
| 18:00 | Build | Castle |
| 18:11 | Build | Castle |
| 18:35 | Create | Villager (Male) |
| 19:35 | Create | Genoese Crossbowman |
| 19:35 | Create | Genoese Crossbowman |
| 19:35 | Create | Genoese Crossbowman |
| 19:36 | Create | Genoese Crossbowman |
| 20:02 | Create | Genoese Crossbowman |
| 20:02 | Create | Genoese Crossbowman |
| 20:21 | Create | Villager (Male) |
| 20:31 | Build | Town Center |
| 20:36 | Create | Villager (Male) |
| 20:44 | Build | Siege Workshop |
| 20:49 | Create | Villager (Male) |
| 20:59 | Create | Villager (Male) |
| 21:02 | Research | Fletching |
| 21:03 | Research | Fletching |
| 21:04 | Create | Villager (Male) |
| 21:21 | Create | Villager (Male) |
| 21:44 | Create | Scorpion |
| 21:44 | Create | Scorpion |
| 22:11 | Create | Mangonel |
| 22:21 | Create | Villager (Male) |
| 22:21 | Create | Villager (Male) |
| 22:32 | Create | Genoese Crossbowman |
| 22:32 | Create | Genoese Crossbowman |
| 22:32 | Create | Genoese Crossbowman |
| 22:47 | Create | Mangonel |
| 23:04 | Create | Villager (Male) |
| 23:11 | Create | Genoese Crossbowman |
| 23:12 | Create | Genoese Crossbowman |
| 23:12 | Create | Genoese Crossbowman |
| 23:12 | Create | Genoese Crossbowman |
| 23:19 | Build | Farm |
| 23:23 | Build | Farm |
| 23:27 | Build | Farm |
| 23:29 | Build | Farm |
| 23:42 | Create | Mangonel |
| 23:43 | Create | Mangonel |
| 23:58 | Create | Villager (Male) |
| 24:21 | Build | Outpost |
| 24:33 | Create | Genoese Crossbowman |
| 24:34 | Create | Genoese Crossbowman |
| 24:34 | Create | Genoese Crossbowman |
| 24:40 | Create | Villager (Male) |
| 24:40 | Create | Villager (Male) |
| 24:57 | Create | Villager (Male) |
| 24:57 | Create | Villager (Male) |
| 25:16 | Create | Villager (Male) |
| 25:16 | Create | Villager (Male) |
| 25:21 | Research | Bodkin Arrow |
| 25:22 | Create | Villager (Male) |
| 25:31 | Build | Outpost |
| 25:34 | Create | Genoese Crossbowman |
| 25:34 | Create | Genoese Crossbowman |
| 25:34 | Create | Genoese Crossbowman |
| 25:35 | Create | Genoese Crossbowman |
| 25:49 | Create | Villager (Male) |
| 25:49 | Create | Villager (Male) |
| 26:07 | Create | Villager (Male) |
| 26:10 | Create | Villager (Male) |
| 26:10 | Create | Villager (Male) |
| 26:12 | Create | Genoese Crossbowman |
| 26:13 | Create | Genoese Crossbowman |
| 26:13 | Create | Genoese Crossbowman |
| 26:39 | Build | House |
| 26:42 | Create | Villager (Male) |
| 26:51 | Build | Farm |
| 26:54 | Build | Farm |
| 26:55 | Build | Farm |
| 26:56 | Build | Farm |
| 26:57 | Build | Farm |
| 26:59 | Build | Farm |
| 27:01 | Create | Villager (Male) |
| 27:08 | Create | Villager (Male) |
| 27:28 | Create | Villager (Male) |
| 27:43 | Build | Outpost |
| 27:45 | Create | Villager (Male) |
| 28:02 | Build | Town Center |
| 28:08 | Create | Genoese Crossbowman |
| 28:09 | Create | Genoese Crossbowman |
Build order — 男高抗压位
First 150 of 542 actions detected
| 0:10 | Build | Town Center |
| 0:48 | Build | Town Center |
| 1:07 | Build | House |
| 2:31 | Build | House |
| 3:13 | Create | Villager (Male) |
| 3:13 | Create | Villager (Male) |
| 3:14 | Create | Villager (Male) |
| 3:14 | Create | Villager (Male) |
| 3:15 | Research | Loom |
| 3:52 | Create | Villager (Male) |
| 3:52 | Create | Villager (Male) |
| 5:09 | Create | Villager (Male) |
| 5:09 | Create | Villager (Male) |
| 5:34 | Build | House |
| 5:49 | Create | Villager (Male) |
| 5:49 | Create | Villager (Male) |
| 5:58 | Build | House |
| 6:23 | Create | Villager (Male) |
| 6:23 | Create | Villager (Male) |
| 6:24 | Create | Villager (Male) |
| 6:33 | Build | Lumber Camp |
| 7:07 | Build | House |
| 7:25 | Create | Villager (Male) |
| 7:25 | Create | Villager (Male) |
| 7:25 | Create | Villager (Male) |
| 7:36 | Build | House |
| 7:46 | Build | House |
| 8:00 | Build | House |
| 8:18 | Create | Villager (Male) |
| 8:18 | Create | Villager (Male) |
| 8:18 | Create | Villager (Male) |
| 8:25 | Build | House |
| 8:53 | Build | House |
| 8:54 | Build | House |
| 9:00 | Create | Villager (Male) |
| 9:00 | Create | Villager (Male) |
| 9:17 | Create | Villager (Male) |
| 9:52 | Build | Mill |
| 9:56 | Create | Villager (Male) |
| 9:56 | Create | Villager (Male) |
| 9:57 | Create | Villager (Male) |
| 10:33 | Create | Villager (Male) |
| 10:59 | Create | Villager (Male) |
| 11:30 | Build | Palisade Gate |
| 11:33 | Build | House |
| 11:36 | Build | House |
| 11:38 | Build | House |
| 11:42 | Create | Villager (Male) |
| 12:01 | Create | Villager (Male) |
| 12:28 | Create | Villager (Male) |
| 12:56 | Create | Villager (Male) |
| 12:57 | Create | Villager (Male) |
| 13:36 | Create | Villager (Male) |
| 13:41 | Build | Mining Camp |
| 13:52 | Create | Villager (Male) |
| 13:57 | Research | Feudal Age |
| 14:01 | Build | House |
| 14:14 | Build | House |
| 14:29 | Build | Barracks |
| 16:05 | Create | Villager (Male) |
| 16:06 | Create | Villager (Male) |
| 16:46 | Create | Villager (Male) |
| 16:46 | Create | Villager (Male) |
| 16:49 | Age | Feudal Age |
| 16:57 | Build | Market |
| 17:03 | Build | Blacksmith |
| 17:15 | Build | Gate |
| 17:58 | Research | Castle Age |
| 18:23 | Research | Double-Bit Axe |
| 19:24 | Build | Stable |
| 20:38 | Age | Castle Age |
| 20:41 | Build | Castle |
| 20:52 | Research | Wheelbarrow |
| 20:54 | Create | Villager (Male) |
| 21:07 | Create | Knight |
| 21:21 | Create | Spearman |
| 21:22 | Create | Spearman |
| 21:28 | Create | Knight |
| 22:10 | Create | Villager (Male) |
| 22:11 | Create | Villager (Male) |
| 22:12 | Create | Villager (Male) |
| 22:28 | Research | Bow Saw |
| 22:49 | Create | Conquistador |
| 22:49 | Create | Conquistador |
| 22:50 | Create | Conquistador |
| 22:55 | Build | Town Center |
| 23:19 | Create | Conquistador |
| 23:20 | Create | Conquistador |
| 23:33 | Build | Siege Workshop |
| 23:36 | Create | Villager (Male) |
| 24:08 | Create | Conquistador |
| 24:09 | Create | Conquistador |
| 24:47 | Create | Conquistador |
| 24:47 | Create | Conquistador |
| 25:04 | Create | Mangonel |
| 25:43 | Create | Conquistador |
| 25:47 | Create | Conquistador |
| 25:47 | Create | Villager (Male) |
| 25:48 | Create | Villager (Male) |
| 25:48 | Create | Villager (Male) |
| 25:48 | Create | Villager (Male) |
| 26:48 | Create | Conquistador |
| 26:48 | Create | Conquistador |
| 26:53 | Create | Villager (Male) |
| 26:53 | Create | Villager (Male) |
| 26:53 | Create | Villager (Male) |
| 26:54 | Create | Villager (Male) |
| 27:02 | Create | Villager (Male) |
| 27:02 | Create | Villager (Male) |
| 27:10 | Create | Mangonel |
| 27:12 | Create | Mangonel |
| 27:20 | Create | Conquistador |
| 27:41 | Create | Villager (Male) |
| 28:14 | Create | Conquistador |
| 28:15 | Create | Conquistador |
| 28:15 | Create | Conquistador |
| 28:15 | Create | Conquistador |
| 28:40 | Create | Villager (Male) |
| 28:40 | Create | Villager (Male) |
| 28:43 | Build | Farm |
| 28:43 | Build | Farm |
| 28:44 | Build | Farm |
| 28:46 | Build | Farm |
| 28:47 | Build | Farm |
| 29:21 | Create | Villager (Male) |
| 29:22 | Create | Villager (Male) |
| 29:22 | Create | Villager (Male) |
| 29:22 | Create | Villager (Male) |
| 29:31 | Build | Farm |
| 29:48 | Build | Town Center |
| 30:03 | Create | Conquistador |
| 30:03 | Create | Conquistador |
| 30:03 | Create | Conquistador |
| 30:10 | Build | Farm |
| 30:12 | Build | Farm |
| 30:33 | Build | Farm |
| 30:33 | Build | Farm |
| 30:42 | Create | Villager (Male) |
| 31:03 | Create | Villager (Male) |
| 31:03 | Create | Villager (Male) |
| 31:05 | Create | Villager (Male) |
| 31:06 | Create | Villager (Male) |
| 31:10 | Build | Town Center |
| 31:37 | Create | Villager (Male) |
| 31:38 | Create | Villager (Male) |
| 31:38 | Create | Villager (Male) |
| 31:38 | Create | Villager (Male) |
| 31:38 | Create | Villager (Male) |
| 32:04 | Create | Mangonel |
| 32:24 | Create | Villager (Male) |
Build order — 三十分钟后没有我
First 150 of 407 actions detected
| 0:21 | Build | Town Center |
| 2:14 | Build | House |
| 2:18 | Build | House |
| 2:29 | Create | Villager (Male) |
| 2:32 | Build | House |
| 3:00 | Create | Villager (Male) |
| 3:00 | Create | Villager (Male) |
| 3:01 | Create | Villager (Male) |
| 3:25 | Build | House |
| 3:29 | Research | Loom |
| 3:32 | Build | House |
| 3:44 | Create | Villager (Male) |
| 3:45 | Build | House |
| 3:57 | Create | Villager (Male) |
| 4:15 | Build | House |
| 4:22 | Build | House |
| 4:48 | Create | Villager (Male) |
| 5:02 | Build | Mill |
| 5:14 | Create | Villager (Male) |
| 5:43 | Create | Villager (Male) |
| 6:07 | Create | Villager (Male) |
| 6:14 | Create | Villager (Male) |
| 6:44 | Create | Villager (Male) |
| 7:14 | Create | Villager (Male) |
| 7:33 | Build | House |
| 7:40 | Create | Villager (Male) |
| 8:13 | Create | Villager (Male) |
| 8:18 | Create | Villager (Male) |
| 8:51 | Create | Villager (Male) |
| 9:12 | Create | Villager (Male) |
| 9:19 | Build | House |
| 9:49 | Build | Lumber Camp |
| 10:03 | Create | Villager (Male) |
| 10:07 | Build | House |
| 10:13 | Build | House |
| 10:25 | Research | Feudal Age |
| 10:29 | Build | House |
| 10:41 | Build | House |
| 11:29 | Build | Barracks |
| 11:34 | Build | Palisade Wall |
| 11:38 | Build | Palisade Wall |
| 11:41 | Create | Villager (Male) |
| 12:37 | Create | Villager (Male) |
| 12:38 | Age | Feudal Age |
| 12:41 | Build | Stable |
| 12:47 | Research | Double-Bit Axe |
| 13:14 | Create | Scout Cavalry |
| 13:18 | Research | Wheelbarrow |
| 13:27 | Build | Farm |
| 13:41 | Create | Villager (Male) |
| 14:05 | Research | Horse Collar |
| 14:08 | Build | Farm |
| 14:15 | Create | Villager (Male) |
| 14:18 | Build | House |
| 14:19 | Build | House |
| 14:43 | Create | Scout Cavalry |
| 15:14 | Create | Villager (Male) |
| 15:30 | Build | House |
| 15:47 | Create | Camel Scout |
| 15:56 | Create | Villager (Male) |
| 16:05 | Create | Villager (Male) |
| 16:26 | Build | Blacksmith |
| 16:33 | Create | Villager (Male) |
| 16:40 | Create | Villager (Male) |
| 16:44 | Build | Farm |
| 16:44 | Build | Farm |
| 16:45 | Build | Farm |
| 16:45 | Build | Farm |
| 16:48 | Build | Farm |
| 17:06 | Create | Villager (Male) |
| 17:10 | Build | Farm |
| 17:22 | Research | Scale Barding Armor |
| 17:29 | Build | Farm |
| 17:30 | Build | Farm |
| 17:32 | Build | Farm |
| 17:33 | Build | Farm |
| 17:45 | Build | Mining Camp |
| 17:54 | Create | Villager (Male) |
| 18:21 | Create | Villager (Male) |
| 18:42 | Create | Villager (Male) |
| 18:46 | Build | Market |
| 18:59 | Create | Villager (Male) |
| 19:48 | Research | Castle Age |
| 19:53 | Build | Palisade Wall |
| 20:02 | Build | Mining Camp |
| 20:17 | Create | Villager (Male) |
| 20:19 | Build | House |
| 20:21 | Build | House |
| 20:37 | Research | Bloodlines |
| 20:51 | Create | Camel Scout |
| 20:58 | Build | Watch Tower |
| 21:01 | Build | Palisade Wall |
| 21:22 | Create | Villager (Male) |
| 21:40 | Create | Villager (Male) |
| 21:48 | Build | Watch Tower |
| 22:19 | Create | Camel Scout |
| 22:20 | Create | Camel Scout |
| 22:28 | Age | Castle Age |
| 22:33 | Create | Camel Scout |
| 22:58 | Create | Camel Scout |
| 23:19 | Create | Villager (Male) |
| 23:23 | Create | Camel Scout |
| 24:05 | Create | Villager (Male) |
| 24:11 | Build | Watch Tower |
| 24:36 | Create | Villager (Male) |
| 24:43 | Create | Villager (Male) |
| 24:47 | Create | Villager (Male) |
| 24:50 | Create | Villager (Male) |
| 25:04 | Build | Town Center |
| 25:07 | Create | Villager (Male) |
| 25:14 | Create | Camel Scout |
| 25:23 | Build | House |
| 26:02 | Build | Mill |
| 26:08 | Build | House |
| 26:20 | Build | Lumber Camp |
| 26:45 | Build | House |
| 26:58 | Create | Villager (Male) |
| 27:00 | Build | Siege Workshop |
| 27:10 | Research | Gold Mining |
| 27:15 | Build | House |
| 27:20 | Build | Palisade Wall |
| 27:26 | Create | Scorpion |
| 27:34 | Research | Town Watch |
| 27:40 | Build | House |
| 27:51 | Build | House |
| 27:52 | Create | Scorpion |
| 27:58 | Create | Camel Scout |
| 28:04 | Build | Palisade Wall |
| 28:10 | Create | Villager (Male) |
| 28:16 | Create | Villager (Male) |
| 28:20 | Build | Town Center |
| 28:46 | Create | Villager (Male) |
| 28:53 | Create | Villager (Male) |
| 28:59 | Build | Lumber Camp |
| 29:02 | Create | Scorpion |
| 29:07 | Build | Stable |
| 29:13 | Build | Farm |
| 29:13 | Build | Farm |
| 29:14 | Build | Farm |
| 29:14 | Build | Farm |
| 29:14 | Build | Farm |
| 29:14 | Build | Farm |
| 29:15 | Create | Villager (Male) |
| 29:28 | Create | Villager (Male) |
| 29:42 | Build | Farm |
| 29:42 | Build | Farm |
| 29:42 | Build | Farm |
| 29:42 | Build | Farm |
| 29:43 | Create | Villager (Male) |
| 29:56 | Build | Mill |
Build order — FEIYUNQI11
First 150 of 703 actions detected
| 0:40 | Build | Town Center |
| 0:45 | Build | House |
| 2:44 | Create | Villager (Male) |
| 2:44 | Create | Villager (Male) |
| 2:44 | Create | Villager (Male) |
| 2:44 | Create | Villager (Male) |
| 3:26 | Build | House |
| 4:06 | Create | Villager (Male) |
| 4:06 | Create | Villager (Male) |
| 4:24 | Build | Lumber Camp |
| 4:31 | Create | Villager (Male) |
| 4:47 | Create | Villager (Male) |
| 4:54 | Build | House |
| 4:55 | Build | House |
| 5:19 | Build | House |
| 5:41 | Create | Villager (Male) |
| 5:42 | Create | Villager (Male) |
| 5:55 | Create | Villager (Male) |
| 6:37 | Create | Villager (Male) |
| 6:37 | Create | Villager (Male) |
| 6:48 | Build | House |
| 7:01 | Create | Villager (Male) |
| 7:05 | Build | House |
| 7:49 | Build | Mill |
| 8:03 | Create | Villager (Male) |
| 8:03 | Create | Villager (Male) |
| 8:04 | Research | Loom |
| 8:54 | Research | Loom |
| 9:24 | Research | Feudal Age |
| 9:49 | Build | Barracks |
| 11:01 | Create | Villager (Male) |
| 11:22 | Create | Villager (Male) |
| 11:30 | Build | House |
| 11:36 | Age | Feudal Age |
| 11:39 | Build | Stable |
| 11:47 | Build | Palisade Wall |
| 11:57 | Create | Spearman |
| 12:03 | Build | Palisade Wall |
| 12:03 | Build | Palisade Wall |
| 12:04 | Build | Palisade Wall |
| 12:08 | Create | Villager (Male) |
| 12:25 | Create | Scout Cavalry |
| 12:31 | Build | House |
| 12:32 | Build | Palisade Wall |
| 12:33 | Build | Palisade Wall |
| 12:34 | Build | Palisade Wall |
| 12:38 | Create | Villager (Male) |
| 12:39 | Create | Scout Cavalry |
| 13:01 | Create | Villager (Male) |
| 13:07 | Build | Mill |
| 13:23 | Create | Scout Cavalry |
| 13:36 | Create | Villager (Male) |
| 13:52 | Create | Villager (Male) |
| 13:57 | Build | House |
| 13:59 | Build | Palisade Wall |
| 14:02 | Build | Palisade Wall |
| 14:11 | Create | Scout Cavalry |
| 14:14 | Create | Spearman |
| 14:17 | Build | House |
| 14:19 | Build | Farm |
| 14:21 | Build | Farm |
| 14:34 | Create | Villager (Male) |
| 14:35 | Create | Villager (Male) |
| 14:51 | Research | Double-Bit Axe |
| 14:53 | Create | Scout Cavalry |
| 14:56 | Build | Farm |
| 15:07 | Create | Scout Cavalry |
| 15:19 | Create | Scout Cavalry |
| 15:19 | Create | Villager (Male) |
| 15:20 | Create | Villager (Male) |
| 15:20 | Create | Villager (Male) |
| 15:48 | Build | Blacksmith |
| 16:09 | Create | Spearman |
| 16:12 | Create | Villager (Male) |
| 16:16 | Build | Farm |
| 16:30 | Create | Spearman |
| 16:43 | Create | Villager (Male) |
| 16:44 | Build | House |
| 16:50 | Build | Mining Camp |
| 17:21 | Build | Farm |
| 17:45 | Create | Villager (Male) |
| 17:46 | Create | Villager (Male) |
| 17:48 | Build | Farm |
| 17:51 | Build | Farm |
| 17:52 | Create | Villager (Male) |
| 18:39 | Research | Forging |
| 19:09 | Build | Mill |
| 19:16 | Build | Mill |
| 19:18 | Create | Villager (Male) |
| 19:22 | Research | Castle Age |
| 19:22 | Research | Castle Age |
| 19:32 | Build | Stable |
| 19:41 | Build | Farm |
| 19:49 | Research | Horse Collar |
| 20:12 | Create | Scout Cavalry |
| 20:17 | Research | Scale Barding Armor |
| 20:22 | Create | Scout Cavalry |
| 20:45 | Build | Farm |
| 20:48 | Research | Stone Mining |
| 21:05 | Create | Scout Cavalry |
| 21:16 | Build | House |
| 21:19 | Build | House |
| 21:43 | Create | Villager (Male) |
| 22:19 | Research | Scale Mail Armor |
| 22:23 | Age | Castle Age |
| 22:27 | Create | Villager (Male) |
| 22:36 | Build | Town Center |
| 22:53 | Build | Market |
| 22:57 | Create | Villager (Male) |
| 23:08 | Create | Villager (Male) |
| 23:43 | Create | Villager (Male) |
| 23:56 | Build | Castle |
| 24:00 | Create | Villager (Male) |
| 24:13 | Create | Scout Cavalry |
| 24:19 | Create | Villager (Male) |
| 24:19 | Create | Villager (Male) |
| 24:29 | Create | Villager (Male) |
| 24:32 | Create | Villager (Male) |
| 24:46 | Build | Palisade Wall |
| 25:00 | Create | Villager (Male) |
| 25:11 | Create | Villager (Male) |
| 25:25 | Build | Town Center |
| 25:28 | Create | Ghulam |
| 25:29 | Create | Ghulam |
| 25:31 | Create | Villager (Male) |
| 25:38 | Create | Scout Cavalry |
| 25:38 | Create | Scout Cavalry |
| 25:42 | Create | Ghulam |
| 25:42 | Create | Ghulam |
| 25:51 | Research | Squires |
| 25:56 | Create | Villager (Male) |
| 26:04 | Create | Villager (Male) |
| 26:19 | Create | Ghulam |
| 26:19 | Create | Ghulam |
| 26:31 | Research | Chain Mail Armor |
| 26:39 | Create | Ghulam |
| 26:39 | Create | Ghulam |
| 26:48 | Build | Mill |
| 26:49 | Build | Farm |
| 26:49 | Build | Farm |
| 26:50 | Build | Farm |
| 26:50 | Build | Farm |
| 26:50 | Build | Farm |
| 26:51 | Build | Farm |
| 26:51 | Build | Farm |
| 26:51 | Build | Farm |
| 26:51 | Build | Farm |
| 26:52 | Build | Farm |
| 27:02 | Create | Villager (Male) |
| 27:02 | Create | Villager (Male) |
Build order — Nineshine
First 150 of 663 actions detected
| 0:37 | Build | Town Center |
| 2:44 | Build | House |
| 2:44 | Create | Villager (Male) |
| 2:45 | Create | Villager (Male) |
| 2:45 | Create | Villager (Male) |
| 2:45 | Create | Villager (Male) |
| 2:45 | Create | Villager (Male) |
| 4:07 | Create | Villager (Male) |
| 4:08 | Create | Villager (Male) |
| 4:08 | Create | Villager (Male) |
| 4:27 | Build | House |
| 4:30 | Create | Villager (Male) |
| 4:30 | Create | Villager (Male) |
| 5:18 | Create | Villager (Male) |
| 5:18 | Create | Villager (Male) |
| 5:28 | Create | Villager (Male) |
| 5:29 | Create | Villager (Male) |
| 5:33 | Build | Lumber Camp |
| 5:36 | Create | Villager (Male) |
| 6:18 | Build | House |
| 6:22 | Create | Villager (Male) |
| 6:22 | Create | Villager (Male) |
| 6:30 | Build | House |
| 6:42 | Create | Villager (Male) |
| 7:00 | Build | House |
| 7:37 | Build | House |
| 7:41 | Create | Villager (Male) |
| 7:41 | Create | Villager (Male) |
| 7:41 | Create | Villager (Male) |
| 8:11 | Build | Mill |
| 8:25 | Create | Villager (Male) |
| 8:25 | Create | Villager (Male) |
| 8:26 | Create | Villager (Male) |
| 8:42 | Create | Villager (Male) |
| 8:42 | Create | Villager (Male) |
| 9:12 | Create | Villager (Male) |
| 9:12 | Create | Villager (Male) |
| 9:18 | Create | Villager (Male) |
| 9:18 | Create | Villager (Male) |
| 9:18 | Create | Villager (Male) |
| 9:48 | Create | Villager (Male) |
| 10:18 | Create | Villager (Male) |
| 10:31 | Create | Villager (Male) |
| 10:43 | Create | Villager (Male) |
| 11:17 | Create | Villager (Male) |
| 11:21 | Build | House |
| 11:37 | Build | House |
| 11:43 | Research | Feudal Age |
| 11:43 | Research | Feudal Age |
| 11:55 | Build | House |
| 12:01 | Build | Barracks |
| 12:06 | Build | House |
| 12:21 | Build | House |
| 12:31 | Create | Villager (Male) |
| 12:31 | Create | Villager (Male) |
| 12:49 | Build | Palisade Wall |
| 12:51 | Build | Palisade Wall |
| 12:52 | Build | Palisade Wall |
| 13:00 | Build | House |
| 13:45 | Create | Villager (Male) |
| 13:46 | Create | Villager (Male) |
| 13:53 | Age | Feudal Age |
| 13:55 | Build | Archery Range |
| 13:57 | Build | Blacksmith |
| 14:00 | Create | Spearman |
| 14:03 | Research | Loom |
| 14:51 | Research | Castle Age |
| 14:51 | Research | Castle Age |
| 14:59 | Build | Archery Range |
| 15:22 | Research | Double-Bit Axe |
| 15:41 | Build | House |
| 15:42 | Build | House |
| 16:37 | Create | Villager (Male) |
| 16:55 | Build | Mining Camp |
| 17:20 | Research | Fletching |
| 17:22 | Create | Villager (Male) |
| 17:28 | Create | Villager (Male) |
| 17:31 | Age | Castle Age |
| 17:33 | Create | Cavalry Archer |
| 17:33 | Create | Cavalry Archer |
| 17:49 | Create | Cavalry Archer |
| 17:49 | Create | Cavalry Archer |
| 17:54 | Create | Cavalry Archer |
| 18:00 | Create | Villager (Male) |
| 18:11 | Build | Palisade Wall |
| 18:12 | Build | House |
| 18:22 | Create | Villager (Male) |
| 18:23 | Create | Cavalry Archer |
| 18:23 | Create | Cavalry Archer |
| 18:25 | Create | Villager (Male) |
| 18:27 | Create | Villager (Male) |
| 18:29 | Build | Town Center |
| 18:30 | Create | Villager (Male) |
| 18:35 | Create | Cavalry Archer |
| 18:43 | Create | Villager (Male) |
| 19:15 | Create | Cavalry Archer |
| 19:15 | Create | Cavalry Archer |
| 19:17 | Create | Villager (Male) |
| 19:39 | Create | Cavalry Archer |
| 19:43 | Create | Cavalry Archer |
| 19:44 | Create | Cavalry Archer |
| 19:51 | Create | Villager (Male) |
| 20:12 | Create | Villager (Male) |
| 20:29 | Create | Cavalry Archer |
| 20:30 | Create | Cavalry Archer |
| 20:37 | Build | Town Center |
| 20:45 | Create | Cavalry Archer |
| 20:46 | Create | Villager (Male) |
| 20:50 | Build | House |
| 20:51 | Build | House |
| 21:07 | Create | Cavalry Archer |
| 21:09 | Create | Villager (Male) |
| 21:15 | Create | Villager (Male) |
| 21:17 | Build | House |
| 21:18 | Build | House |
| 21:40 | Create | Villager (Male) |
| 21:49 | Create | Cavalry Archer |
| 21:49 | Create | Cavalry Archer |
| 21:50 | Create | Villager (Male) |
| 21:51 | Create | Villager (Male) |
| 21:58 | Create | Villager (Male) |
| 22:03 | Create | Cavalry Archer |
| 22:03 | Create | Cavalry Archer |
| 22:16 | Create | Villager (Male) |
| 22:17 | Create | Cavalry Archer |
| 22:17 | Create | Cavalry Archer |
| 22:39 | Create | Villager (Male) |
| 22:39 | Create | Villager (Male) |
| 22:39 | Create | Villager (Male) |
| 22:39 | Create | Villager (Male) |
| 23:03 | Create | Villager (Male) |
| 23:08 | Create | Villager (Male) |
| 23:11 | Create | Villager (Male) |
| 23:26 | Create | Cavalry Archer |
| 23:30 | Create | Villager (Male) |
| 23:33 | Create | Cavalry Archer |
| 23:47 | Create | Cavalry Archer |
| 23:47 | Create | Cavalry Archer |
| 23:55 | Create | Villager (Male) |
| 23:56 | Create | Villager (Male) |
| 23:56 | Create | Villager (Male) |
| 23:57 | Build | University |
| 24:13 | Create | Cavalry Archer |
| 24:14 | Create | Cavalry Archer |
| 24:18 | Build | House |
| 24:19 | Build | House |
| 24:20 | Create | Villager (Male) |
| 24:20 | Create | Villager (Male) |
| 24:32 | Create | Villager (Male) |
| 25:00 | Create | Cavalry Archer |
Build order — 男高杀手
First 150 of 427 actions detected
| 0:18 | Build | Town Center |
| 1:55 | Build | House |
| 2:26 | Create | Villager (Male) |
| 2:27 | Create | Villager (Male) |
| 2:27 | Create | Villager (Male) |
| 2:27 | Create | Villager (Male) |
| 3:23 | Build | House |
| 3:31 | Create | Villager (Male) |
| 3:35 | Build | House |
| 4:17 | Create | Villager (Male) |
| 4:30 | Build | House |
| 4:50 | Create | Villager (Male) |
| 4:50 | Create | Villager (Male) |
| 4:52 | Build | Lumber Camp |
| 5:02 | Build | House |
| 5:10 | Create | Villager (Male) |
| 5:28 | Create | Villager (Male) |
| 6:13 | Create | Villager (Male) |
| 6:14 | Build | House |
| 6:17 | Create | Villager (Male) |
| 6:18 | Create | Villager (Male) |
| 6:50 | Create | Villager (Male) |
| 7:08 | Create | Villager (Male) |
| 8:19 | Create | Villager (Male) |
| 8:19 | Create | Villager (Male) |
| 8:30 | Create | Villager (Male) |
| 9:02 | Build | House |
| 9:25 | Create | Villager (Male) |
| 9:50 | Build | Mill |
| 9:57 | Create | Villager (Male) |
| 10:15 | Research | Loom |
| 10:38 | Research | Feudal Age |
| 11:14 | Build | Barracks |
| 11:21 | Build | Palisade Wall |
| 11:43 | Create | Villager (Male) |
| 11:51 | Build | Barracks |
| 12:13 | Build | Mining Camp |
| 12:14 | Create | Villager (Male) |
| 12:37 | Build | House |
| 12:45 | Create | Villager (Male) |
| 12:57 | Create | Militia |
| 12:58 | Create | Militia |
| 12:59 | Age | Feudal Age |
| 13:09 | Create | Villager (Male) |
| 13:43 | Build | Palisade Wall |
| 13:48 | Create | Militia |
| 13:48 | Create | Militia |
| 13:57 | Research | Double-Bit Axe |
| 13:57 | Research | Double-Bit Axe |
| 13:57 | Research | Horse Collar |
| 13:58 | Research | Horse Collar |
| 13:59 | Create | Villager (Male) |
| 14:04 | Build | House |
| 14:07 | Build | Palisade Wall |
| 14:29 | Build | House |
| 14:33 | Research | Man-at-Arms (upgrade) |
| 14:46 | Build | Farm |
| 14:56 | Build | House |
| 15:00 | Build | Palisade Wall |
| 15:08 | Create | Villager (Male) |
| 15:25 | Create | Villager (Male) |
| 15:40 | Build | Farm |
| 15:42 | Build | Farm |
| 15:44 | Create | Villager (Male) |
| 15:46 | Build | Farm |
| 15:47 | Build | Farm |
| 16:02 | Create | Villager (Male) |
| 16:06 | Build | Farm |
| 16:08 | Build | Farm |
| 16:16 | Create | Villager (Male) |
| 16:21 | Create | Villager (Male) |
| 16:29 | Create | Villager (Male) |
| 16:38 | Build | House |
| 16:52 | Create | Villager (Male) |
| 17:00 | Build | Farm |
| 17:04 | Build | Farm |
| 17:09 | Build | Farm |
| 17:12 | Build | House |
| 17:22 | Create | Spearman |
| 17:43 | Build | Farm |
| 18:08 | Create | Villager (Male) |
| 18:18 | Build | Blacksmith |
| 18:30 | Create | Villager (Male) |
| 18:43 | Build | Watch Tower |
| 18:48 | Create | Villager (Male) |
| 19:11 | Create | Militia |
| 19:16 | Create | Villager (Male) |
| 19:20 | Build | Archery Range |
| 19:29 | Create | Militia |
| 19:30 | Create | Militia |
| 19:36 | Build | House |
| 19:38 | Build | Palisade Wall |
| 19:44 | Research | Castle Age |
| 19:45 | Research | Castle Age |
| 19:45 | Research | Castle Age |
| 20:17 | Create | Villager (Male) |
| 20:39 | Build | Lumber Camp |
| 20:41 | Create | Militia |
| 20:41 | Create | Militia |
| 20:44 | Build | Farm |
| 20:55 | Create | Villager (Male) |
| 21:00 | Build | House |
| 21:11 | Research | Scale Mail Armor |
| 21:24 | Build | House |
| 21:38 | Build | House |
| 21:57 | Build | Barracks |
| 22:24 | Age | Castle Age |
| 22:30 | Research | Long Swordsman (upgrade) |
| 22:39 | Build | Siege Workshop |
| 22:46 | Research | Arson |
| 22:48 | Create | Militia |
| 22:48 | Create | Militia |
| 23:20 | Create | Mangonel |
| 23:20 | Create | Mangonel |
| 23:24 | Create | Militia |
| 23:24 | Create | Militia |
| 23:30 | Create | Villager (Male) |
| 23:31 | Create | Villager (Male) |
| 23:35 | Create | Villager (Male) |
| 23:51 | Build | Mining Camp |
| 23:53 | Research | Gold Mining |
| 23:55 | Research | Bow Saw |
| 23:56 | Research | Bow Saw |
| 23:57 | Create | Villager (Male) |
| 23:59 | Create | Militia |
| 23:59 | Create | Militia |
| 24:27 | Create | Spearman |
| 24:27 | Create | Spearman |
| 24:27 | Create | Spearman |
| 24:42 | Create | Villager (Male) |
| 25:14 | Research | Pikeman (upgrade) |
| 25:14 | Create | Villager (Male) |
| 25:29 | Build | Town Center |
| 25:31 | Create | Villager (Male) |
| 25:47 | Build | Monastery |
| 25:52 | Create | Villager (Male) |
| 26:02 | Create | Villager (Male) |
| 26:03 | Create | Villager (Male) |
| 26:40 | Create | Villager (Male) |
| 26:42 | Create | Villager (Male) |
| 26:46 | Build | Farm |
| 26:47 | Build | Farm |
| 27:10 | Build | Mill |
| 27:11 | Build | Farm |
| 27:18 | Create | Villager (Male) |
| 27:18 | Create | Villager (Male) |
| 27:21 | Create | Villager (Male) |
| 27:41 | Create | Villager (Male) |
| 27:43 | Build | House |
| 27:46 | Build | House |
Build order — 韩信吃炒面
First 150 of 407 actions detected
| 0:43 | Build | Town Center |
| 1:27 | Build | House |
| 2:03 | Build | House |
| 2:04 | Build | House |
| 2:05 | Build | House |
| 2:53 | Research | Loom |
| 2:56 | Build | Lumber Camp |
| 3:00 | Create | Villager (Male) |
| 3:01 | Create | Villager (Male) |
| 3:01 | Create | Villager (Male) |
| 3:01 | Create | Villager (Male) |
| 3:01 | Create | Villager (Male) |
| 4:17 | Create | Villager (Male) |
| 5:29 | Create | Villager (Male) |
| 5:29 | Create | Villager (Male) |
| 5:39 | Create | Villager (Male) |
| 5:40 | Create | Villager (Male) |
| 6:22 | Create | Villager (Male) |
| 6:22 | Create | Villager (Male) |
| 6:42 | Create | Villager (Male) |
| 7:20 | Create | Villager (Male) |
| 7:41 | Create | Villager (Male) |
| 7:42 | Create | Villager (Male) |
| 8:10 | Create | Villager (Male) |
| 8:11 | Create | Villager (Male) |
| 8:11 | Create | Villager (Male) |
| 8:42 | Create | Villager (Male) |
| 8:47 | Build | House |
| 8:57 | Build | Mill |
| 8:59 | Create | Villager (Male) |
| 10:03 | Create | Villager (Male) |
| 10:03 | Create | Villager (Male) |
| 10:03 | Create | Villager (Male) |
| 10:03 | Create | Villager (Male) |
| 10:04 | Create | Villager (Male) |
| 10:04 | Create | Villager (Male) |
| 10:16 | Build | House |
| 11:02 | Build | Outpost |
| 12:14 | Research | Feudal Age |
| 12:37 | Build | House |
| 12:45 | Build | House |
| 13:06 | Build | House |
| 13:15 | Build | House |
| 13:25 | Build | House |
| 13:33 | Build | House |
| 13:55 | Build | House |
| 13:58 | Build | Barracks |
| 14:07 | Create | Villager (Male) |
| 14:07 | Create | Villager (Male) |
| 14:08 | Create | Villager (Male) |
| 14:08 | Create | Villager (Male) |
| 14:08 | Create | Villager (Male) |
| 14:08 | Create | Villager (Male) |
| 14:09 | Create | Villager (Male) |
| 14:30 | Age | Feudal Age |
| 15:05 | Research | Man-at-Arms (upgrade) |
| 15:09 | Create | Villager (Male) |
| 15:09 | Create | Villager (Male) |
| 15:09 | Create | Villager (Male) |
| 15:20 | Build | Archery Range |
| 15:27 | Build | Stable |
| 16:02 | Build | Mining Camp |
| 16:28 | Build | House |
| 16:31 | Create | Scout Cavalry |
| 16:32 | Create | Scout Cavalry |
| 16:32 | Create | Scout Cavalry |
| 16:32 | Create | Scout Cavalry |
| 16:32 | Create | Scout Cavalry |
| 17:04 | Build | Watch Tower |
| 17:31 | Create | Militia |
| 17:32 | Create | Militia |
| 17:32 | Create | Militia |
| 17:32 | Create | Militia |
| 18:34 | Create | Villager (Male) |
| 18:35 | Create | Villager (Male) |
| 18:35 | Create | Villager (Male) |
| 18:35 | Create | Villager (Male) |
| 18:35 | Create | Villager (Male) |
| 18:35 | Create | Villager (Male) |
| 19:25 | Create | Militia |
| 19:25 | Create | Militia |
| 19:32 | Build | Mining Camp |
| 20:47 | Build | Watch Tower |
| 20:53 | Create | Villager (Male) |
| 20:53 | Create | Villager (Male) |
| 20:53 | Create | Villager (Male) |
| 20:53 | Create | Villager (Male) |
| 21:16 | Build | Farm |
| 21:40 | Build | Farm |
| 21:49 | Build | Blacksmith |
| 21:55 | Create | Villager (Male) |
| 22:10 | Build | Watch Tower |
| 22:22 | Build | House |
| 22:27 | Build | Watch Tower |
| 22:33 | Build | Farm |
| 22:34 | Build | Farm |
| 22:52 | Research | Fletching |
| 22:55 | Build | Farm |
| 22:56 | Create | Villager (Male) |
| 23:18 | Create | Villager (Male) |
| 23:24 | Build | Farm |
| 23:45 | Build | House |
| 23:47 | Create | Villager (Male) |
| 23:47 | Create | Villager (Male) |
| 23:51 | Build | Farm |
| 24:09 | Build | Watch Tower |
| 24:15 | Build | Farm |
| 24:26 | Build | House |
| 24:27 | Build | House |
| 24:30 | Create | Villager (Male) |
| 24:48 | Build | Farm |
| 24:50 | Create | Villager (Male) |
| 25:10 | Build | Farm |
| 25:17 | Create | Villager (Male) |
| 25:33 | Build | Farm |
| 25:34 | Create | Villager (Male) |
| 25:39 | Build | Farm |
| 25:41 | Build | Farm |
| 25:58 | Create | Villager (Male) |
| 26:03 | Build | Mill |
| 26:08 | Create | Villager (Male) |
| 26:40 | Build | Farm |
| 26:43 | Build | Farm |
| 26:51 | Create | Villager (Male) |
| 27:19 | Create | Villager (Male) |
| 27:28 | Build | Farm |
| 27:29 | Build | Farm |
| 27:31 | Build | Farm |
| 27:57 | Create | Villager (Male) |
| 28:01 | Build | Farm |
| 28:07 | Build | Farm |
| 28:17 | Research | Castle Age |
| 29:27 | Build | Lumber Camp |
| 30:04 | Research | Scale Barding Armor |
| 30:05 | Research | Forging |
| 30:18 | Build | Stone Wall |
| 30:44 | Build | Gate |
| 30:53 | Research | Bloodlines |
| 31:02 | Age | Castle Age |
| 31:06 | Build | Castle |
| 31:13 | Build | Siege Workshop |
| 31:17 | Research | Wheelbarrow |
| 31:18 | Research | Town Watch |
| 31:18 | Create | Villager (Male) |
| 31:20 | Create | Knight |
| 31:21 | Create | Knight |
| 31:21 | Create | Knight |
| 31:21 | Create | Knight |
| 31:21 | Create | Knight |
| 31:21 | Create | Knight |
Build order — 只会种田
First 150 of 602 actions detected
| 0:10 | Build | Town Center |
| 1:40 | Build | House |
| 2:25 | Create | Villager (Male) |
| 2:26 | Create | Villager (Male) |
| 2:26 | Create | Villager (Male) |
| 2:26 | Create | Villager (Male) |
| 3:42 | Create | Villager (Male) |
| 3:51 | Build | House |
| 4:14 | Create | Villager (Male) |
| 4:32 | Create | Villager (Male) |
| 4:58 | Create | Villager (Male) |
| 5:02 | Build | House |
| 5:12 | Build | House |
| 5:30 | Build | Lumber Camp |
| 5:33 | Create | Villager (Male) |
| 5:33 | Create | Villager (Male) |
| 5:54 | Create | Villager (Male) |
| 6:33 | Build | House |
| 6:36 | Create | Villager (Male) |
| 6:57 | Build | Palisade Wall |
| 6:58 | Build | Palisade Wall |
| 6:59 | Build | Palisade Wall |
| 6:59 | Build | Palisade Wall |
| 7:00 | Build | Palisade Wall |
| 7:01 | Build | Palisade Wall |
| 7:01 | Build | Palisade Wall |
| 7:05 | Create | Villager (Male) |
| 7:30 | Build | Palisade Wall |
| 7:30 | Build | Palisade Wall |
| 7:31 | Build | Palisade Wall |
| 7:31 | Build | Palisade Wall |
| 7:32 | Build | Palisade Wall |
| 7:34 | Build | Palisade Wall |
| 7:40 | Create | Villager (Male) |
| 7:41 | Create | Villager (Male) |
| 8:21 | Build | House |
| 8:25 | Create | Villager (Male) |
| 9:02 | Create | Villager (Male) |
| 9:14 | Create | Villager (Male) |
| 9:25 | Build | Mill |
| 9:38 | Research | Loom |
| 9:43 | Build | House |
| 9:51 | Research | Feudal Age |
| 10:16 | Build | Palisade Wall |
| 11:10 | Build | House |
| 11:13 | Build | Palisade Wall |
| 11:15 | Build | Palisade Wall |
| 11:20 | Build | Palisade Wall |
| 12:31 | Age | Feudal Age |
| 12:33 | Create | Villager (Male) |
| 12:34 | Create | Villager (Male) |
| 12:38 | Build | Market |
| 12:57 | Build | Palisade Wall |
| 13:04 | Build | Blacksmith |
| 13:11 | Create | Villager (Male) |
| 13:51 | Research | Castle Age |
| 14:06 | Research | Double-Bit Axe |
| 15:48 | Build | Palisade Wall |
| 16:31 | Age | Castle Age |
| 16:33 | Create | Villager (Male) |
| 16:33 | Create | Villager (Male) |
| 16:39 | Build | Town Center |
| 16:44 | Create | Villager (Male) |
| 17:01 | Build | Palisade Wall |
| 17:03 | Build | Palisade Wall |
| 17:05 | Build | Palisade Wall |
| 17:07 | Build | Palisade Wall |
| 17:22 | Build | Town Center |
| 17:29 | Create | Villager (Male) |
| 17:53 | Create | Villager (Male) |
| 18:17 | Create | Villager (Male) |
| 18:17 | Create | Villager (Male) |
| 18:40 | Create | Villager (Male) |
| 18:44 | Build | Farm |
| 18:47 | Build | Farm |
| 18:50 | Research | Horse Collar |
| 19:07 | Create | Villager (Male) |
| 19:21 | Build | Farm |
| 19:24 | Create | Villager (Male) |
| 19:24 | Create | Villager (Male) |
| 19:34 | Create | Villager (Male) |
| 19:34 | Create | Villager (Male) |
| 19:34 | Create | Villager (Male) |
| 19:52 | Create | Villager (Male) |
| 20:04 | Create | Villager (Male) |
| 20:15 | Build | Castle |
| 20:19 | Create | Villager (Male) |
| 20:19 | Create | Villager (Male) |
| 20:20 | Build | Farm |
| 20:22 | Build | Farm |
| 20:24 | Build | Farm |
| 20:27 | Build | Farm |
| 20:30 | Build | Farm |
| 20:33 | Create | Villager (Male) |
| 20:35 | Build | Farm |
| 20:38 | Build | Farm |
| 20:45 | Create | Villager (Male) |
| 21:02 | Build | Farm |
| 21:03 | Build | Farm |
| 21:12 | Create | Villager (Male) |
| 21:12 | Create | Villager (Male) |
| 21:12 | Create | Villager (Male) |
| 21:12 | Create | Villager (Male) |
| 21:12 | Create | Villager (Male) |
| 21:21 | Create | Villager (Male) |
| 21:36 | Create | Villager (Male) |
| 21:39 | Build | Farm |
| 21:42 | Build | House |
| 21:42 | Build | House |
| 21:43 | Build | House |
| 21:45 | Build | House |
| 21:46 | Build | House |
| 21:50 | Create | Villager (Male) |
| 21:50 | Create | Villager (Male) |
| 21:57 | Create | Villager (Male) |
| 22:01 | Build | Lumber Camp |
| 22:06 | Build | Farm |
| 22:08 | Create | Villager (Male) |
| 22:08 | Create | Villager (Male) |
| 22:08 | Create | Villager (Male) |
| 22:30 | Create | Villager (Male) |
| 22:31 | Create | Villager (Male) |
| 22:31 | Create | Villager (Male) |
| 22:50 | Build | Mill |
| 22:54 | Create | Villager (Male) |
| 22:54 | Create | Villager (Male) |
| 22:55 | Create | Villager (Male) |
| 22:55 | Create | Villager (Male) |
| 22:57 | Create | Camel Archer |
| 23:02 | Create | Villager (Male) |
| 23:03 | Build | Farm |
| 23:08 | Create | Villager (Male) |
| 23:09 | Create | Villager (Male) |
| 23:11 | Build | Farm |
| 23:21 | Create | Villager (Male) |
| 23:27 | Create | Villager (Male) |
| 23:27 | Create | Villager (Male) |
| 23:35 | Build | Lumber Camp |
| 23:41 | Create | Camel Archer |
| 23:58 | Research | Fletching |
| 24:08 | Create | Villager (Male) |
| 24:08 | Create | Villager (Male) |
| 24:14 | Build | Mining Camp |
| 24:17 | Create | Villager (Male) |
| 24:17 | Create | Villager (Male) |
| 24:21 | Build | House |
| 24:25 | Build | House |
| 24:27 | Build | House |
| 24:28 | Build | House |
| 24:29 | Build | House |
Match timeline
| 6:57 | 只会种田 · wall_segment Palisade Wall x1 |
| 6:58 | 只会种田 · wall_segment Palisade Wall x1 |
| 6:59 | 只会种田 · wall_segment Palisade Wall x1 |
| 6:59 | 只会种田 · wall_segment Palisade Wall x1 |
| 7:00 | 只会种田 · wall_segment Palisade Wall x1 |
| 7:01 | 只会种田 · wall_segment Palisade Wall x1 |
| 7:01 | 只会种田 · wall_segment Palisade Wall x1 |
| 7:30 | 只会种田 · wall_segment Palisade Wall x1 |
| 7:30 | 只会种田 · wall_segment Palisade Wall x1 |
| 7:31 | 只会种田 · wall_segment Palisade Wall x1 |
| 7:31 | 只会种田 · wall_segment Palisade Wall x1 |
| 7:32 | 只会种田 · wall_segment Palisade Wall x1 |
| 7:34 | 只会种田 · wall_segment Palisade Wall x1 |
| 9:49 | FEIYUNQI11 · first_building Barracks |
| 10:16 | 只会种田 · wall_segment Palisade Wall x6 |
| 10:52 | 前三十分钟没有我 · wall_segment Palisade Wall x2 |
| 11:13 | 只会种田 · wall_segment Palisade Wall x1 |
| 11:14 | 男高杀手 · first_building Barracks |
| 11:15 | 只会种田 · wall_segment Palisade Wall x1 |
| 11:20 | 只会种田 · wall_segment Palisade Wall x9 |
| 11:21 | 男高杀手 · wall_segment Palisade Wall x17 |
| 11:29 | 三十分钟后没有我 · first_building Barracks |
| 11:34 | 三十分钟后没有我 · wall_segment Palisade Wall x3 |
| 11:36 | FEIYUNQI11 · age_up feudal |
| 11:37 | 前三十分钟没有我 · wall_segment Palisade Wall x5 |
| 11:38 | 三十分钟后没有我 · wall_segment Palisade Wall x5 |
| 11:39 | FEIYUNQI11 · first_building Stable |
| 11:47 | FEIYUNQI11 · wall_segment Palisade Wall x1 |
| 12:01 | Nineshine · first_building Barracks |
| 12:03 | FEIYUNQI11 · wall_segment Palisade Wall x1 |
| 12:03 | FEIYUNQI11 · wall_segment Palisade Wall x1 |
| 12:04 | FEIYUNQI11 · wall_segment Palisade Wall x1 |
| 12:31 | 只会种田 · age_up feudal |
| 12:32 | FEIYUNQI11 · wall_segment Palisade Wall x1 |
| 12:33 | FEIYUNQI11 · wall_segment Palisade Wall x1 |
| 12:34 | FEIYUNQI11 · wall_segment Palisade Wall x1 |
| 12:38 | 三十分钟后没有我 · age_up feudal |
| 12:41 | 三十分钟后没有我 · first_building Stable |
| 12:49 | Nineshine · wall_segment Palisade Wall x1 |
| 12:51 | Nineshine · wall_segment Palisade Wall x1 |
| 12:52 | Nineshine · wall_segment Palisade Wall x1 |
| 12:57 | 只会种田 · wall_segment Palisade Wall x1 |
| 12:59 | 男高杀手 · age_up feudal |
| 13:31 | 只会种田 · first_market_sell 100 wood |
| 13:43 | 男高杀手 · wall_segment Palisade Wall x1 |
| 13:53 | Nineshine · age_up feudal |
| 13:55 | Nineshine · first_building Archery Range |
| 13:58 | 韩信吃炒面 · first_building Barracks |
| 13:59 | FEIYUNQI11 · wall_segment Palisade Wall x3 |
| 14:02 | FEIYUNQI11 · wall_segment Palisade Wall x3 |
| 14:07 | 男高杀手 · wall_segment Palisade Wall x13 |
| 14:21 | 前三十分钟没有我 · age_up feudal |
| 14:29 | 男高抗压位 · first_building Barracks |
| 14:30 | 韩信吃炒面 · age_up feudal |
| 15:00 | 男高杀手 · wall_segment Palisade Wall x1 |
| 15:20 | 韩信吃炒面 · first_building Archery Range |
| 15:27 | 韩信吃炒面 · first_building Stable |
| 15:48 | 只会种田 · wall_segment Palisade Wall x1 |
| 16:31 | 只会种田 · age_up castle |
| 16:49 | 男高抗压位 · age_up feudal |
| 17:01 | 只会种田 · wall_segment Palisade Wall x1 |
| 17:03 | 只会种田 · wall_segment Palisade Wall x1 |
| 17:05 | 只会种田 · wall_segment Palisade Wall x1 |
| 17:07 | 只会种田 · wall_segment Palisade Wall x1 |
| 17:31 | Nineshine · age_up castle |
| 17:32 | 前三十分钟没有我 · wall_segment Palisade Wall x1 |
| 17:51 | 前三十分钟没有我 · age_up castle |
| 18:00 | 前三十分钟没有我 · first_building Castle |
| 18:11 | Nineshine · wall_segment Palisade Wall x1 |
| 19:20 | 男高杀手 · first_building Archery Range |
| 19:24 | 男高抗压位 · first_building Stable |
| 19:38 | 男高杀手 · wall_segment Palisade Wall x1 |
| 19:53 | 三十分钟后没有我 · wall_segment Palisade Wall x2 |
| 20:15 | 只会种田 · first_building Castle |
| 20:38 | 男高抗压位 · age_up castle |
| 20:41 | 男高抗压位 · first_building Castle |
| 20:44 | 前三十分钟没有我 · first_building Siege Workshop |
| 21:01 | 三十分钟后没有我 · wall_segment Palisade Wall x1 |
| 22:23 | FEIYUNQI11 · age_up castle |
| 22:24 | 男高杀手 · age_up castle |
| 22:28 | 三十分钟后没有我 · age_up castle |
| 22:39 | 男高杀手 · first_building Siege Workshop |
| 22:49 | 三十分钟后没有我 · first_market_buy 100 food |
| 23:33 | 男高抗压位 · first_building Siege Workshop |
| 23:47 | FEIYUNQI11 · first_market_buy 100 stone |
| 23:56 | FEIYUNQI11 · first_building Castle |
| 24:46 | FEIYUNQI11 · wall_segment Palisade Wall x1 |
| 24:52 | 前三十分钟没有我 · first_market_buy 100 food |
| 25:00 | 三十分钟后没有我 · first_market_sell 100 wood |
| 25:19 | FEIYUNQI11 · first_market_sell 100 stone |
| 25:47 | 男高杀手 · first_building Monastery |
| 26:24 | 只会种田 · first_building Barracks |
| 27:00 | 三十分钟后没有我 · first_building Siege Workshop |
| 27:20 | 三十分钟后没有我 · wall_segment Palisade Wall x4 |
| 27:22 | 只会种田 · first_building Stable |
| 28:04 | 三十分钟后没有我 · wall_segment Palisade Wall x1 |
| 28:52 | 男高杀手 · first_market_sell 100 wood |
| 29:43 | 男高抗压位 · first_market_sell 500 wood |
| 29:44 | 男高抗压位 · first_market_buy 100 stone |
| 29:51 | Nineshine · first_market_buy 100 stone |
| 30:18 | 韩信吃炒面 · wall_segment Stone Wall x12 |
| 30:39 | FEIYUNQI11 · first_building Siege Workshop |
| 30:55 | 前三十分钟没有我 · first_building Barracks |
| 31:02 | 韩信吃炒面 · age_up castle |
| 31:06 | 韩信吃炒面 · first_building Castle |
| 31:13 | 韩信吃炒面 · first_building Siege Workshop |
| 32:12 | 三十分钟后没有我 · wall_segment Stone Wall x5 |
| 32:46 | Nineshine · first_building Stable |
| 32:47 | 前三十分钟没有我 · first_building Archery Range |
| 33:32 | 男高杀手 · first_market_buy 100 stone |
| 33:39 | 三十分钟后没有我 · wall_segment Palisade Wall x6 |
| 34:58 | 前三十分钟没有我 · age_up imperial |
| 35:13 | 只会种田 · age_up imperial |
| 35:26 | 三十分钟后没有我 · wall_segment Palisade Wall x1 |
| 35:31 | 韩信吃炒面 · wall_segment Stone Wall x10 |
| 35:46 | Nineshine · first_building Castle |
| 35:51 | 三十分钟后没有我 · first_building Monastery |
| 37:02 | Nineshine · first_market_sell 100 food |
| 37:51 | FEIYUNQI11 · wall_segment Stone Wall x1 |
| 37:51 | 只会种田 · tribute_sent a jugador 1 |
| 37:51 | 只会种田 · tribute_sent a jugador 2 |
| 37:51 | 只会种田 · tribute_sent a jugador 3 |
| 37:51 | 只会种田 · tribute_sent a jugador 4 |
| 37:51 | 只会种田 · tribute_sent a jugador 5 |
| 37:51 | 只会种田 · tribute_sent a jugador 6 |
| 37:51 | 只会种田 · tribute_sent a jugador 7 |
| 37:52 | FEIYUNQI11 · wall_segment Stone Wall x1 |
| 38:00 | FEIYUNQI11 · age_up imperial |
| 39:06 | 只会种田 · tribute_sent a jugador 1 |
| 39:06 | 只会种田 · tribute_sent a jugador 2 |
| 39:06 | 只会种田 · tribute_sent a jugador 3 |
| 39:06 | 只会种田 · tribute_sent a jugador 4 |
| 39:06 | 只会种田 · tribute_sent a jugador 5 |
| 39:06 | 只会种田 · tribute_sent a jugador 6 |
| 39:06 | 只会种田 · tribute_sent a jugador 7 |
| 39:12 | 三十分钟后没有我 · first_building Castle |
| 41:04 | 三十分钟后没有我 · first_building Archery Range |
| 42:04 | Nineshine · age_up imperial |
| 42:14 | 三十分钟后没有我 · wall_segment Stone Wall x2 |
| 42:18 | 前三十分钟没有我 · first_market_sell 100 wood |
| 42:28 | 三十分钟后没有我 · age_up imperial |
| 42:34 | 男高杀手 · first_building Castle |
| 44:09 | 只会种田 · tribute_sent a jugador 1 |
| 44:09 | 只会种田 · tribute_sent a jugador 2 |
| 44:09 | 只会种田 · tribute_sent a jugador 3 |
| 44:09 | 只会种田 · tribute_sent a jugador 4 |
| 44:09 | 只会种田 · tribute_sent a jugador 5 |
| 44:09 | 只会种田 · tribute_sent a jugador 6 |
| 44:09 | 只会种田 · tribute_sent a jugador 7 |
| 46:43 | 只会种田 · tribute_sent a jugador 1 |
| 46:43 | 只会种田 · tribute_sent a jugador 2 |
| 46:43 | 只会种田 · tribute_sent a jugador 3 |
| 46:43 | 只会种田 · tribute_sent a jugador 4 |
| 46:43 | 只会种田 · tribute_sent a jugador 5 |
| 46:43 | 只会种田 · tribute_sent a jugador 6 |
| 46:43 | 只会种田 · tribute_sent a jugador 7 |
| 47:26 | 男高杀手 · age_up imperial |
| 48:08 | 男高抗压位 · age_up imperial |
| 49:56 | 只会种田 · tribute_sent a jugador 1 |
| 49:56 | 只会种田 · tribute_sent a jugador 2 |
| 49:56 | 只会种田 · tribute_sent a jugador 3 |
| 49:56 | 只会种田 · tribute_sent a jugador 4 |
| 49:56 | 只会种田 · tribute_sent a jugador 5 |
| 49:56 | 只会种田 · tribute_sent a jugador 6 |
| 49:56 | 只会种田 · tribute_sent a jugador 7 |
| 54:46 | 韩信吃炒面 · age_up imperial |
| 55:25 | 前三十分钟没有我 · first_building Stable |
| 57:18 | 三十分钟后没有我 · resign |
[ AI ANALYSIS · 1 CREDIT ]
What really happened in this match?
Wolo.gg analyzes every decision: build order, eco, micro, common mistakes by bracket. Personalized analysis on WhatsApp or Discord in 30 seconds.
Civ guide
Italians
Perfil
Jugador #18993389